 Dungeon Crawl Stone Soup version 0.30.0 (webtiles) character file.

Game seed: 5905903518455246086

285 catcat the Shooter (level 6, -4/51 HPs)
             Began as a Draconian Hunter on Aug 20, 2023.
             Was an Initiate of Okawaru.
             Slain by an ogre
             ... wielding a +0 giant club
              (19 damage)
             ... on level 4 of the Dungeon.
             The game lasted 00:04:37 (2285 turns).

catcat the Shooter (Draconian Hunter)               Turns: 2285, Time: 00:04:38

Health: -4/51      AC:  9    Str: 13    XL:     6   Next: 7%
Magic:  6/6        EV: 13    Int:  9    God:    Okawaru [......]
Gold:   109        SH:  0    Dex: 17    Spells: 5/5 levels left

rFire   . . .        a - +0 shortbow
rCold   . . .        (shield currently unavailable)
rNeg    . . .        (body armour unavailable)
rPois   .            (helmet restricted)
rElec   .            (no cloak)
rCorr   .            d - +2 pair of gloves {infuse}
SInv    .            (no boots)
Will    .....        g - amulet of the acrobat
Stlth   ++           q - ring of flight
HPRegen 0.28/turn    (no ring)
MPRegen 0.10/turn

%: acrobat, infuse magic (1 MP)
@: flying
A: AC +6, unfitting armour, cold-blooded
a: Renounce Religion


You were on level 4 of the Dungeon.
You worshipped Okawaru.
Okawaru was noncommittal.
You visited 2 branches of the dungeon, and saw 5 of its levels.

You collected 109 gold pieces.

Inventory:

Hand Weapons
 a - a +0 shortbow (weapon)
Missiles
 j - 5 javelins
Armour
 d - a +2 pair of gloves of infusion (worn)
Jewellery
 g - an amulet of the acrobat (around neck)
 q - a ring of flight (left hand)
Scrolls
 b - 3 scrolls of immolation
 e - a scroll of vulnerability {unknown}
 f - a scroll of amnesia {unknown}
 h - a scroll of fear {unknown}
 l - 2 scrolls of enchant armour
 m - a scroll of acquirement {unknown}
 n - a scroll of blinking {unknown}
 p - 2 scrolls of identify {unknown}
 s - a scroll of brand weapon {unknown}
 t - a scroll of noise {unknown}
 u - a scroll of silence {unknown}
 v - a scroll of teleportation {unknown}
Potions
 c - a potion of resistance {unknown}
 i - a potion of lignification {unknown}
 k - a potion of mutation {unknown}
 o - 2 potions of curing {unknown}
 r - a potion of heal wounds


   Skills:
 + Level 3.0 Fighting
 * Level 6.0 Ranged Weapons
 - Level 3.0 Dodging
 - Level 0.8 Stealth


You had 5 spell levels left.
You didn't know any spells.
Your spell library contained the following spells:

 Spells                   Type           Power      Damage    Failure   Level
 Freeze                   Ice            0%         1d3       38%         1
 Lesser Beckoning         Tloc           0%         N/A       52%         2
 Frozen Ramparts          Ice            0%         1d1       77%         3
 Gell's Gravitas          Tloc           0%         N/A       77%         3
 Hailstorm                Conj/Ice       0%         3d3       77%         3
 Portal Projectile        Hex/Tloc       0%         N/A       77%         3
 Teleport Other           Tloc           0%         N/A       77%         3
 Leda's Liquefaction      Hex/Erth       0%         N/A       99%         4
 Call Canine Familiar     Summ           Unusable   N/A       N/A         3

Dungeon Overview and Level Annotations

Branches:
Dungeon (4/15)             Temple (1/1) D:4

Altars:
Dithmenos
Elyvilon
Okawaru
Vehumet
Wu Jian
The Shining One

Shops:
D:2 [

Annotations:
D:4 1 transporter


Innate Abilities, Weirdness & Mutations

Your plain brown scales are hard. (AC +6)
You cannot fit into any form of body armour.
You are cold-blooded and may be slowed by cold attacks.


Message History

There is a staircase back to the Dungeon here.
Found a radiant altar of Vehumet.
Found an ornate altar of the Wu Jian Council.
Found a white marble altar of Elyvilon and a shadowy altar of Dithmenos.
Found a glowing golden altar of the Shining One and an iron altar of Okawaru.
Key pressed, stopping explore.
No target in view!
There is an iron altar of Okawaru here.
There is an iron altar of Okawaru here.
You hover solemnly before the altar of Okawaru.
Okawaru welcomes you!
There is a staircase back to the Dungeon here.
You fly upwards.
Welcome back to the Dungeon!
Level annotation: 1 transporter
There is a staircase to the Ecumenical Temple here.
An ogre is nearby!
You shoot an arrow. The arrow barely misses the ogre.
You shoot an arrow.
The arrow hits the ogre but does no damage.
The ogre misses you.
You shoot an arrow. The arrow hits the ogre!
The ogre is moderately wounded.
You shoot an arrow. The arrow hits the ogre.
The ogre is moderately wounded.
The ogre misses you.
You shoot an arrow. The arrow hits the ogre.
The ogre is heavily wounded.
The ogre hits you with a +0 giant club!
You shoot an arrow. The arrow barely misses the ogre.
The ogre hits you with a +0 giant club!!
Ouch! That really hurt!
* * * LOW HITPOINT WARNING * * *
You are too injured to fight recklessly!
Fire: a) +0 shortbow
Press: ? - help, Shift-Dir - straight line, f/p - ogre
Aim: an ogre, wielding a +0 giant club (heavily wounded, 77% to hit)
You shoot an arrow. The arrow hits the ogre.
The ogre is heavily wounded.
The ogre hits you with a +0 giant club!!
You die...

#.# ##......## #.# ##..#..#.#
#.# ##...#....# #.#
##..#.#.#..## #.############
##....###....#
.............###..#...#...#.....
.....#######.......#.....#....##
...#.# #.#..#####.>.#####..#
#.##.# #.##O@..#.....# .##
#.##.# #.###..#...#...# # .....#
##.####....###.... .)...#
####...####..# #..## ...###
#.......# ##... ..# ....##
#.#.....# ##..# ..#
.....###.......# .... ##
......###.....### #..
......'...........


You could see an ogre.

Vanquished Creatures
  A phantom (D:4)
  A bullfrog (D:3)
  3 gnolls (D:4)
  5 adders
  2 worms
  2 dart slugs
  An orc (D:3)
  5 ball pythons
  4 endoplasms
  A giant cockroach (D:4)
  6 goblins
  6 hobgoblins
  11 jackals
  3 quokkas
  3 bats
  6 kobolds
  3 rats
63 creatures vanquished.

Notes
Turn   | Place    | Note
-------+----------+-------------------------------------------
     0 | D:1      | catcat the Draconian Hunter began the quest for the Orb.
     0 | D:1      | Reached XP level 1. HP: 17/17 MP: 1/1
    44 | D:1      | Reached skill level 4 in Ranged Weapons
    59 | D:1      | Reached XP level 2. HP: 24/24 MP: 2/2
   616 | D:2      | Reached XP level 3. HP: 30/30 MP: 3/3
   760 | D:2      | Found Jathem's Antique Armour Boutique.
  1172 | D:3      | Reached XP level 4. HP: 37/38 MP: 4/4
  1612 | D:3      | Reached skill level 5 in Ranged Weapons
  1788 | D:4      | Noticed a bullfrog
  1794 | D:3      | Killed a bullfrog
  1795 | D:3      | Reached XP level 5. HP: 44/45 MP: 5/5
  1838 | D:4      | Noticed an ogre
  1994 | D:4      | Noticed a phantom
  2014 | D:4      | Killed a phantom
  2015 | D:4      | Reached XP level 6. HP: 47/51 MP: 6/6
  2080 | D:3      | Reached skill level 6 in Ranged Weapons
  2204 | D:4      | Found a transporter.
  2212 | D:4      | Found a staircase to the Ecumenical Temple.
  2221 | Temple   | Entered the Ecumenical Temple
  2252 | Temple   | Became a worshipper of Warmaster Okawaru
  2285 | D:4      | Slain by an ogre

Illustrated notes

Levels and vault maps discovered:
D:1:      dpeg_arrival_windows_large_door, layout_rooms, minmay_3d_cube
D:2:      layout_loops_cross, serial_shops, shop
D:3:      layout_loops_ring, kennysheep_pointless_box,
          hangedman_decor_clover_reticule
D:4:      gammafunk_wand_slinger, layout_loops_corners,
          minmay_temple_entry_arrows
Temple:   mainiacjoe_temple_coin_purse

Skill      XL: |  1  2  3  4  5  6 |
---------------+-------------------+-----
Ranged Weapons | 4 5 6 |  6.0
Fighting       | 3 |  3.0
Dodging        | 2 3 |  3.0
Stealth        | |  0.8

Action                     |  1- 3 |  4- 6 || total
---------------------------+-------+-------++-------
   Fire: Shortbow          |   104 |   106 ||   210
    Use: Scroll            |     1 |       ||     1
 Armour: Skin              |    23 |    23 ||    46
  Dodge: Dodged            |    27 |    40 ||    67
